 Dungeon Crawl Stone Soup version 0.20.0-15-g7f486f2 (webtiles) character file.

746 renl the Insei (level 7, -2/59 (60) HPs)
             Began as a Naga Transmuter on July 1, 2017.
             Was an Initiate of Cheibriados.
             Slain by a river rat (8 damage)
             ... on level 5 of the Dungeon.
             The game lasted 00:31:46 (4749 turns).

renl the Insei (Naga Transmuter)                    Turns: 4749, Time: 00:31:47

HP:   -2/59 (60)    AC:  4    Str: 13    XL:     7   Next: 77%
MP:   10/10         EV: 11    Int: 14    God:    Cheibriados [......]
Gold: 162           SH:  0    Dex: 15    Spells: 10/10 levels left

rFire    . . .     SeeInvis +     - Unarmed
rCold    . . .     Gourm    .   (no shield)
rNeg     . . .     Faith    .   o - +0 animal skin (curse)
rPois    +         Spirit   .   p - +0 helmet
rElec    .         Reflect  .   (no cloak)
rCorr    .         Harm     .   (no gloves)
MR       .....                  (no barding)
Stlth    ++........             (no amulet)
Regen    0.2/turn               (no ring)
MPRegen  0.2/turn               (no ring)

@: short of breath, very slow
A: see invisible, deformed body, poison resistance, slowness 2, slow metabolism
1, spit poison 1, AC +2
a: Spit Poison, Bend Time, Renounce Religion


You were on level 5 of the Dungeon.
You worshipped Cheibriados.
Cheibriados was noncommittal.
You were very hungry.

You visited 2 branches of the dungeon, and saw 6 of its levels.

You collected 162 gold pieces.

Inventory:

Missiles
 a - 61 arrows
Armour
 o - a cursed +0 animal skin (worn)
 p - a +0 helmet (worn)
Scrolls
 l - a scroll of teleportation
Potions
 b - 3 potions of might
 e - a potion of brilliance
 g - a potion of heal wounds
 j - a potion of mutation {unknown}
 n - 2 potions of curing
 r - 2 potions of flight
Books
 c - a book of Changes

   Spells                             Type                      Level
   a - Beastly Appendage              Transmutation                1
   b - Sticks to Snakes               Transmutation                2
   c - Spider Form                    Transmutation/Poison         3
   d - Ice Form                       Ice/Transmutation            4
   e - Blade Hands                    Transmutation                5
Comestibles
 d - 5 bread rations
 k - 3 meat rations
 q - 4 fruits


   Skills:
 + Level 2.2 Fighting
 + Level 3.0 Dodging
 + Level 2.9 Stealth
 * Level 7.3 Unarmed Combat
 - Level 2.0 Spellcasting
   Level 3.0 Transmutations


You had 10 spell levels left.
You didn't know any spells.

Dungeon Overview and Level Annotations

Branches:
Dungeon (5/15)             Temple (1/1) D:5

Altars:
Ashenzari
Cheibriados
Dithmenos
Elyvilon
Fedhas
Gozag
Hepliaklqana
Kikubaaqudgha
Makhleb
Nemelex Xobeh
Okawaru
Qazlal
Ru
Sif Muna
Trog
Uskayaw
Vehumet
Xom
Yredelemnul
Zin
The Shining One

Shops:
D:5 ?

Annotations:
D:3 Sigmund


Innate Abilities, Weirdness & Mutations

You cannot wear boots.
Your serpentine skin is tough. (AC +2)
You have supernaturally acute eyesight. (SInv)
Armour fits poorly on your strangely shaped body.
Your system is resistant to poisons. (rPois)
You cover ground very slowly.
You have a slow metabolism.
You can spit poison.


Message History

* * * LOW HITPOINT WARNING * * *
The river rat bites you.
* * * LOW HITPOINT WARNING * * *
The river rat bites you.
* * * LOW HITPOINT WARNING * * *
You closely miss the river rat. The river rat barely misses you.
You barely miss the river rat. The river rat barely misses you.
Press: ? - help, v - describe, . - travel
Here: a river rat The floor.
Unknown command.
Press: ? - help, Shift-Dir - straight line, f/p - rat
Aim: a rat The splash of poison hits the river rat.
The river rat is lightly wounded.
You feel slightly more hungry. The river rat barely misses you.
The river rat bites you.
* * * LOW HITPOINT WARNING * * *
You hit the river rat but do no damage. The river rat bites you!
You die...

......# #..#
......# #..#
......# #..#
......# #>.#
......######..#
......'.......#
......#######.###
................##
#..############r@#
...#.......# ##r##
...#.#####.# #rr#
.#.#.......# ##s##
...#..###### *#r.#
.###..# #.††#*
.#....# #.#..#**
.####.# #.,..≈≈*
......# #.,.≈≈≈#


You could see 4 river rats, a giant cockroach and a rat.

Vanquished Creatures
  A necrophage (D:5)
  2 ogres (D:4)
  A scorpion (D:5)
  2 crimson imps
  A bullfrog skeleton (D:4)
  2 hounds
  3 worker ants
  A hound skeleton (D:4)
  Robin (D:3)
  A howler monkey skeleton (D:4)
  5 adders
  A river rat (D:5)
  A shadow imp (D:5)
  An ooze (D:1)
  5 worms
  7 leopard geckos
  An orc (D:4)
  5 giant cockroaches
  14 goblins
  5 hobgoblins
  14 jackals
  4 quokkas
  6 bats
  12 frilled lizards
  9 kobolds
  A leopard gecko zombie (D:5)
  15 rats
121 creatures vanquished.

Notes
Turn   | Place    | Note
-------+----------+-------------------------------------------
     0 | D:1      | renl the Naga Transmuter began the quest for the Orb.
     0 | D:1      | Reached XP level 1. HP: 18/18 MP: 3/3
     2 | D:1      | Noticed a gargoyle
     2 | D:1      | Noticed a centaur
     4 | D:1      | Noticed a dwarf
     6 | D:1      | Noticed a felid
     6 | D:1      | Noticed a draconian
     8 | D:1      | Noticed a spriggan
     8 | D:1      | Noticed a troll
    10 | D:1      | Noticed a merfolk
    12 | D:1      | Noticed a human
    12 | D:1      | Noticed a minotaur
    14 | D:1      | Noticed a vine stalker
    14 | D:1      | Noticed a vampire
    16 | D:1      | Noticed a tengu
    16 | D:1      | Noticed a halfling
    18 | D:1      | Noticed an ogre
    20 | D:1      | Noticed a demigod
    20 | D:1      | Noticed a demonspawn
    22 | D:1      | Noticed a formicid
    24 | D:1      | Noticed an octopode
    24 | D:1      | Noticed a naga
    26 | D:1      | Noticed an elf
    26 | D:1      | Noticed a ghoul
    51 | D:1      | Reached XP level 2. HP: 9/25 MP: 3/5
   529 | D:2      | Reached XP level 3. HP: 5/31 MP: 6/6
   966 | D:2      | Reached skill level 4 in Unarmed Combat
  1090 | D:2      | Reached XP level 4. HP: 33/38 MP: 7/7
  1719 | D:3      | Noticed Sigmund
  2084 | D:3      | Noticed Robin
  2097 | D:3      | Killed Robin
  2097 | D:3      | Reached XP level 5. HP: 34/44 MP: 6/8
  2104 | D:3      | Reached skill level 1 in Stealth
  2803 | D:4      | Noticed an ogre
  2832 | D:4      | Reached skill level 5 in Unarmed Combat
  3337 | D:4      | Reached XP level 6. HP: 52/52 MP: 9/9
  3838 | D:4      | Reached skill level 6 in Unarmed Combat
  4028 | D:4      | Reached XP level 7. HP: 46/60 MP: 10/10
  4055 | D:5      | Entered Level 5 of the Dungeon
  4055 | D:5      | Found Qateg's Magic Scroll Shoppe.
  4372 | D:5      | Reached skill level 7 in Unarmed Combat
  4401 | D:5      | Found a staircase to the Ecumenical Temple.
  4409 | Temple   | Entered the Ecumenical Temple
  4653 | Temple   | Became a worshipper of Cheibriados the Contemplative
  4749 | D:5      | Slain by a river rat

Skill      XL: |  1  2  3  4  5  6  7 |
---------------+----------------------+-----
Dodging        | 2 3 |  3.0
Unarmed Combat | 4 5 6 7 |  7.3
Stealth        | 2 |  2.9
Fighting       | 2 |  2.2
Transmutations | 3 |  3.0
Spellcasting   | |  2.0

Action                   |  1- 3 |  4- 6 |  7- 9 || total
-------------------------+-------+-------+-------++-------
Melee: Unarmed           |    85 |   171 |    76 ||   332
       Headbutt          |     6 |     5 |       ||    11
       Punch             |       |     2 |     1 ||     3
 Cast: Beastly Appendage |     4 |     8 |       ||    12
 Abil: Spit Poison       |    24 |    69 |    18 ||   111
  Use: Scroll            |       |       |    12 ||    12
 Stab: Distracted        |       |       |     1 ||     1
       Sleeping          |       |       |     1 ||     1
  Eat: Chunk             |     2 |    11 |     3 ||    16
Armor: Robe              |    24 |    14 |       ||    38
       Animal skin       |       |    29 |    16 ||    45
Dodge: Dodged            |    56 |   106 |    41 ||   203
